Calgary Flames vs Chicago Black Hawks
(R1)
Created - Wednesday, July 5, 2023 at 07:37
Goals
|
| Calgary Flames |
1 |
1 |
0 |
2 |
| Chicago Black Hawks |
2 |
0 |
2 |
4 |
|
Shots
|
| Calgary Flames |
13 |
9 |
8 |
30 |
| Chicago Black Hawks |
12 |
6 |
9 |
27 |
|
1st period
1. Chicago Black Hawks , Steven Stamkos 1 (Matt Duchene 1) at 7:32 (PP)
2. Chicago Black Hawks , Travis Konecny 3 (Matthew Tkachuk 6, Bo Horvat 6) at 9:48 (PP)
3. Calgary Flames , Ryan Ellis 1 (Valeri Nichushkin 4, Jeff Petry 3) at 10:33 (PP)
Penalties :
Zach Hyman (CGY) for High sticking (Minor) at 1:50, Timo Meier (CGY) for Roughing (Minor) at 7:26, Kevin Fiala (CGY) for Roughing (Minor) at 8:25, Matt Duchene (CHI) for Tripping (Minor) at 10:04, Logan Couture (CGY) for Interference (Minor) at 15:54
2nd period
4. Calgary Flames , Sebastian Aho 3 (J.T. Miller 4, Zach Hyman 5) at 3:01 (PP)
Penalties :
Seth Jones (CHI) for High sticking (Minor) at 1:35, Vladimir Tarasenko (CHI) for High sticking (Minor) at 3:51, Matt Duchene (CHI) for Slashing (Minor) at 17:46
3rd period
5. Chicago Black Hawks , Chris Kreider 1 (Matt Duchene 2, Steven Stamkos 4) at 17:33 (PP)
6. Chicago Black Hawks , Seth Jones 2 (Steven Stamkos 5) at 19:19 (Empty Net)
Penalties :
Travis Konecny (CHI) for Slashing (Minor) at 1:30, Kevin Fiala (CGY) for Roughing (Minor) at 16:02, Vladimir Tarasenko (CHI) for Slashing (Minor) at 19:47
Goalie Stats
Thatcher Demko (CGY), 23 saves from 26 shots - (0.885), L, 2-3-0, 59:29 minutes
Ilya Sorokin (CHI), 28 saves from 30 shots - (0.933), W, 3-1-1, 60:00 minutes
Players Stats for Calgary Flames
Player Name G A P +/- PIM S H SB GA TA FO MP PP MP PK MP
------------------------------------------------------------------------------------
Drew Doughty 0 0 0 -1 0 1 4 2 1 0 0/0 25:34 4:19 3:51
Garnet Hathaway 0 0 0 0 0 1 1 0 0 0 0/0 7:48 0:00 0:00
J.T. Miller 0 1 1 -1 0 3 0 1 1 1 0/0 20:58 3:57 3:36
Jeff Petry 0 1 1 0 0 2 2 4 0 0 0/0 22:25 3:45 3:07
Jeremy Lauzon 0 0 0 0 0 0 1 1 0 0 0/0 12:01 0:00 0:00
Joel Eriksson Ek 0 0 0 0 0 2 1 2 0 0 2/6 11:59 0:00 0:00
Kevin Fiala 0 0 0 0 4 1 1 0 0 0 0/0 11:57 0:00 0:00
Kris Russell 0 0 0 0 0 0 0 0 0 0 0/0 12:01 0:00 0:00
Logan Couture 0 0 0 0 2 1 1 1 1 0 11/25 18:18 4:07 2:20
Mathieu Joseph 0 0 0 0 0 0 1 0 0 0 0/0 11:59 0:00 0:00
Max Pacioretty 0 0 0 0 0 2 0 0 0 1 0/0 9:10 0:00 1:18
Nic Dowd 0 0 0 0 0 0 1 0 0 0 2/3 7:48 0:00 0:00
Ryan Ellis 1 0 1 0 0 2 1 1 0 0 0/0 22:25 3:45 3:07
Ryan McDonagh 0 0 0 -1 0 2 2 2 0 0 0/0 25:34 4:19 3:51
Sebastian Aho 1 0 1 -1 0 3 2 1 0 0 15/24 20:47 3:57 3:31
Timo Meier 0 0 0 0 2 4 1 0 1 0 0/0 15:59 4:07 0:11
Valeri Nichushkin 0 1 1 0 0 3 1 0 0 0 0/0 16:33 4:07 0:38
Zach Hyman 0 1 1 -1 2 3 2 1 0 1 0/1 19:41 3:57 2:22
Players Stats for Chicago Black Hawks
Player Name G A P +/- PIM S H SB GA TA FO MP PP MP PK MP
------------------------------------------------------------------------------------
Bo Horvat 0 1 1 0 0 4 2 0 0 0 7/17 21:06 4:06 3:39
Brent Burns 0 0 0 1 0 1 0 0 0 0 0/0 22:00 2:51 4:04
Bryan Rust 0 0 0 0 0 2 0 0 0 0 0/2 12:22 0:00 0:52
Chris Kreider 1 0 1 1 0 2 1 3 0 0 0/0 19:24 2:52 4:13
Devon Toews 0 0 0 0 0 2 2 0 0 0 0/0 24:12 4:05 4:00
Lawson Crouse 0 0 0 0 0 2 1 0 0 0 0/0 8:28 0:00 0:40
Matt Duchene 0 2 2 1 4 0 1 0 0 0 0/3 17:34 2:52 2:34
Matthew Tkachuk 0 1 1 0 0 3 0 0 1 0 0/2 17:13 4:06 0:00
Mikhail Sergachev 0 0 0 0 0 0 2 2 0 0 0/0 24:10 4:05 4:00
Nicolas Hague 0 0 0 0 0 1 0 1 0 0 0/0 14:29 0:02 0:41
Nikolaj Ehlers 0 0 0 0 0 3 1 2 0 1 0/0 7:48 0:00 0:00
Phillip Danault 0 0 0 0 0 2 0 0 0 0 4/5 11:30 0:00 0:00
Pius Suter 0 0 0 0 0 0 1 0 0 1 3/4 8:00 0:00 0:12
Rasmus Andersson 0 0 0 0 0 0 1 2 0 1 0/0 13:50 0:02 0:00
Seth Jones 1 0 1 1 2 1 0 1 0 1 0/0 21:18 2:51 3:23
Steven Stamkos 1 2 3 1 0 2 2 1 0 0 15/25 19:07 2:52 3:56
Travis Konecny 1 0 1 0 2 1 0 0 0 0 0/1 17:28 4:06 0:02
Vladimir Tarasenko 0 0 0 0 4 1 1 0 2 0 0/0 11:51 0:00 0:00
3 Stars
1 - Steven Stamkos (CHI)
2 - Chris Kreider (CHI)
3 - Ilya Sorokin (CHI)
Power Play
Calgary Flames - 2 on 6 Attempt(s) - 33.33%
Chicago Black Hawks - 3 on 5 Attempt(s) - 60.00%
Penalty Kill
Calgary Flames - 2 on 5 Attempt(s) - 40.00%
- Score 0 goal in Penalty Kill
Chicago Black Hawks - 4 on 6 Attempt(s) - 66.67%
- Score 0 goal in Penalty Kill
Team Stat
Calgary Flames - Hits : 22 - Faceoff Wins : 30 - Blocked Shots : 16 - Penalty Minutes : 10
Chicago Black Hawks - Hits : 15 - Faceoff Wins : 29 - Blocked Shots : 12 - Penalty Minutes : 12
Official
Referees : Eric Furlatt and Dave Lewis
Linesman : Brandon Gawryletz and Mark Wheler
Game Notes
Seth Jones has scored in a empty net!
Finance
Level 1 -- Attendance: 5896 (98.27%) -- Ticket Income $589,600
Level 2 -- Attendance: 4243 (84.86%) -- Ticket Income $254,580
Level 3 -- Attendance: 2624 (87.47%) -- Ticket Income $91,840
Level 4 -- Attendance: 4239 (84.78%) -- Ticket Income $105,975
Luxury Box -- Attendance: 934 (93.40%) -- Ticket Income $186,800
Game was played at the United Center.
Total Attendance: 17936 (89.68%)
Total Ticket Income: $1,228,795
Other Income: $430,078
Total Income: $1,658,873
Calgary Flames
5 vs 5 Forward
Center Left Wing Right Wing Time % Phy DF OF
1 Sebastian Aho J.T. Miller Zach Hyman 30 1 2 2
2 Logan Couture Valeri Nichushkin Timo Meier 30 1 2 2
3 Joel Eriksson Ek Kevin Fiala Mathieu Joseph 25 1 2 2
4 Nic Dowd Max Pacioretty Garnet Hathaway 15 1 2 2
5 vs 5 Defense
Defense Defense Time % Phy DF OF
1 Drew Doughty Ryan McDonagh 30 1 2 2
2 Jeff Petry Ryan Ellis 30 1 2 2
3 Jeremy Lauzon Kris Russell 25 1 2 2
4 Drew Doughty Ryan McDonagh 15 1 2 2
PowerPlay Forward
Center Left Wing Right Wing Time % Phy DF OF
1 Sebastian Aho J.T. Miller Zach Hyman 50 1 2 2
2 Logan Couture Valeri Nichushkin Timo Meier 50 1 2 2
PowerPlay Defense
Defense Defense Time % Phy DF OF
1 Drew Doughty Ryan McDonagh 50 1 2 2
2 Jeff Petry Ryan Ellis 50 1 2 2
Penalty Kill 4 Players Forward
Center Wing Time % Phy DF OF
1 Sebastian Aho J.T. Miller 50 1 2 2
2 Logan Couture Zach Hyman 50 1 2 2
Penalty Kill 4 Players Defense
Defense Defense Time % Phy DF OF
1 Drew Doughty Ryan McDonagh 50 1 2 2
2 Jeff Petry Ryan Ellis 50 1 2 2
Penalty Kill - 3 Players Forward
Forward Time % Phy DF OF
1 Sebastian Aho 50 1 2 2
2 J.T. Miller 50 1 2 2
Penalty Kill - 3 Players Defense
Defense Defense Time % Phy DF OF
1 Drew Doughty Ryan McDonagh 50 1 2 2
2 Jeff Petry Ryan Ellis 50 1 2 2
4 vs 4 Forward
Center Wing Time % Phy DF OF
1 Sebastian Aho J.T. Miller 50 1 2 2
2 Logan Couture Zach Hyman 50 1 2 2
4 vs 4 Defense
Defense Defense Time % Phy DF OF
1 Drew Doughty Ryan McDonagh 50 1 2 2
2 Jeff Petry Ryan Ellis 50 1 2 2
Last Minutes Offensive
Center Left Wing Right Wing Defense Defense
Sebastian Aho J.T. Miller Zach Hyman Drew Doughty Ryan McDonagh
Last Minutes Defensive
Center Left Wing Right Wing Defense Defense
Sebastian Aho J.T. Miller Zach Hyman Drew Doughty Ryan McDonagh
Goaltenders
Starting : Thatcher Demko
Backup : Samuel Montembeault
Extra Forwards
Normal : Joel Eriksson Ek, Kevin Fiala, Max Pacioretty - PP : Joel Eriksson Ek, Kevin Fiala - PK : Max Pacioretty
Extra Defensemen
Normal : Jeremy Lauzon, Kris Russell, Jeff Petry - PP : Jeremy Lauzon - PK : Kris Russell, Jeff Petry
Penalty Shots
Sebastian Aho, J.T. Miller, Logan Couture, Zach Hyman, Timo Meier
Chicago Black Hawks
5 vs 5 Forward
Center Left Wing Right Wing Time % Phy DF OF
1 Steven Stamkos Chris Kreider Matt Duchene 30 1 2 2
2 Bo Horvat Travis Konecny Matthew Tkachuk 30 1 2 2
3 Phillip Danault Bryan Rust Vladimir Tarasenko 25 1 2 2
4 Pius Suter Lawson Crouse Nikolaj Ehlers 15 1 2 2
5 vs 5 Defense
Defense Defense Time % Phy DF OF
1 Brent Burns Seth Jones 35 1 2 2
2 Mikhail Sergachev Devon Toews 35 1 2 2
3 Rasmus Andersson Nicolas Hague 30 1 2 2
4 Brent Burns Seth Jones 0 1 2 2
PowerPlay Forward
Center Left Wing Right Wing Time % Phy DF OF
1 Steven Stamkos Chris Kreider Matt Duchene 50 1 2 2
2 Bo Horvat Travis Konecny Matthew Tkachuk 50 1 2 2
PowerPlay Defense
Defense Defense Time % Phy DF OF
1 Brent Burns Seth Jones 50 1 2 2
2 Mikhail Sergachev Devon Toews 50 1 2 2
Penalty Kill 4 Players Forward
Center Wing Time % Phy DF OF
1 Steven Stamkos Chris Kreider 50 1 2 2
2 Bo Horvat Matt Duchene 50 1 2 2
Penalty Kill 4 Players Defense
Defense Defense Time % Phy DF OF
1 Brent Burns Seth Jones 50 1 2 2
2 Mikhail Sergachev Devon Toews 50 1 2 2
Penalty Kill - 3 Players Forward
Forward Time % Phy DF OF
1 Steven Stamkos 50 1 2 2
2 Chris Kreider 50 1 2 2
Penalty Kill - 3 Players Defense
Defense Defense Time % Phy DF OF
1 Brent Burns Seth Jones 50 1 2 2
2 Mikhail Sergachev Devon Toews 50 1 2 2
4 vs 4 Forward
Center Wing Time % Phy DF OF
1 Steven Stamkos Chris Kreider 50 1 2 2
2 Bo Horvat Matt Duchene 50 1 2 2
4 vs 4 Defense
Defense Defense Time % Phy DF OF
1 Brent Burns Seth Jones 50 1 2 2
2 Mikhail Sergachev Devon Toews 50 1 2 2
Last Minutes Offensive
Center Left Wing Right Wing Defense Defense
Steven Stamkos Chris Kreider Matt Duchene Brent Burns Seth Jones
Last Minutes Defensive
Center Left Wing Right Wing Defense Defense
Steven Stamkos Chris Kreider Matt Duchene Brent Burns Seth Jones
Goaltenders
Starting : Ilya Sorokin
Backup : Jordan Binnington
Extra Forwards
Normal : Vladimir Tarasenko, Phillip Danault, Bryan Rust - PP : Vladimir Tarasenko, Phillip Danault - PK : Bryan Rust
Extra Defensemen
Normal : Rasmus Andersson, Nicolas Hague, Mikhail Sergachev - PP : Rasmus Andersson - PK : Nicolas Hague, Mikhail Sergachev
Penalty Shots
Steven Stamkos, Chris Kreider, Bo Horvat, Matt Duchene, Matthew Tkachuk
% Time on Ice - Calgary Flames
Lines # - Real PCT - Wanted PCT - Time Play
Normal Forward
1 - 29% - 30% - 13:01
2 - 27% - 30% - 11:52
3 - 27% - 25% - 11:59
4 - 17% - 15% - 7:48
Normal Defense
1 - 29% - 30% - 12:50
2 - 35% - 30% - 15:33
3 - 27% - 25% - 12:01
4 - 10% - 15% - 4:16
PP Forward
1 - 49% - 50% - 3:57
2 - 51% - 50% - 4:07
PP Defense
1 - 54% - 50% - 4:19
2 - 46% - 50% - 3:45
PK Forward
1 - 44% - 50% - 3:05
2 - 56% - 50% - 3:53
PK Defense
1 - 55% - 50% - 3:51
2 - 45% - 50% - 3:07
PK3 Forward
1 - 0% - 50%
2 - 0% - 50%
PK3 Defense
1 - 0% - 50%
2 - 0% - 50%
44 Forward
1 - 0% - 50%
2 - 0% - 50%
44 Defense
1 - 0% - 50%
2 - 0% - 50%
Last Minute Offensive - 0:18
Last Minute Defensive - 0:00
Total
Forward - 60:00
Defense - 60:00
|
% Time on Ice - Chicago Black Hawks
Lines # - Real PCT - Wanted PCT - Time Play
Normal Forward
1 - 27% - 30% - 12:02
2 - 30% - 30% - 13:21
3 - 26% - 25% - 11:30
4 - 17% - 15% - 7:48
Normal Defense
1 - 35% - 35% - 15:29
2 - 35% - 35% - 15:26
3 - 29% - 30% - 13:00
4 - 2% - 0% - 0:46
PP Forward
1 - 41% - 50% - 2:52
2 - 59% - 50% - 4:06
PP Defense
1 - 41% - 50% - 2:53
2 - 59% - 50% - 4:05
PK Forward
1 - 49% - 50% - 3:56
2 - 51% - 50% - 4:08
PK Defense
1 - 50% - 50% - 4:04
2 - 50% - 50% - 4:00
PK3 Forward
1 - 0% - 50%
2 - 0% - 50%
PK3 Defense
1 - 0% - 50%
2 - 0% - 50%
44 Forward
1 - 0% - 50%
2 - 0% - 50%
44 Defense
1 - 0% - 50%
2 - 0% - 50%
Last Minute Offensive - 0:00
Last Minute Defensive - 0:17
Total
Forward - 60:00
Defense - 60:00
|
Play-by-Play
1st period
0:01 of 1st period - Steven Stamkos wins face-off versus Sebastian Aho in neutral zone.
0:10 of 1st period - Wrist shot by Chris Kreider.
0:10 of 1st period - Stopped by Thatcher Demko with a rebound.
0:16 of 1st period - Snap shot by Sebastian Aho.
0:16 of 1st period - Shot Blocked by Seth Jones.
0:36 of 1st period - Snap shot by Matthew Tkachuk.
0:36 of 1st period - Shot Misses the Net.
1:50 of 1st period - Minor Penalty to Zach Hyman for High sticking.
1:51 of 1st period - Sebastian Aho wins face-off versus Steven Stamkos in Calgary Flames zone.
1:59 of 1st period - Slapshot by Ryan McDonagh.
1:59 of 1st period - Stopped by Ilya Sorokin with a rebound.
2:01 of 1st period - Snap shot by Drew Doughty.
2:01 of 1st period - Stopped by Ilya Sorokin with a rebound.
2:42 of 1st period - Ryan Ellis is hit by Mikhail Sergachev and loses puck.
3:33 of 1st period - Seth Jones is hit by Drew Doughty and loses puck.
3:50 of 1st period - Penalty to Zach Hyman is over, Zach Hyman is back on ice.
4:30 of 1st period - Snap shot by Max Pacioretty.
4:30 of 1st period - Stopped by Ilya Sorokin with a rebound.
4:41 of 1st period - Icing by Logan Couture.
4:42 of 1st period - Steven Stamkos wins face-off versus Logan Couture in Calgary Flames zone.
4:55 of 1st period - Slapshot by Phillip Danault.
4:55 of 1st period - Stopped by Thatcher Demko without a rebound.
4:56 of 1st period - Sebastian Aho wins face-off versus Bo Horvat in Calgary Flames zone.
5:01 of 1st period - Backhand shot by Bo Horvat.
5:01 of 1st period - Stopped by Thatcher Demko with a rebound.
5:31 of 1st period - Wrist shot by Steven Stamkos.
5:31 of 1st period - Shot Blocked by Jeff Petry.
5:33 of 1st period - Slapshot by Seth Jones.
5:33 of 1st period - Shot Hit the Post.
5:35 of 1st period - Slapshot by Chris Kreider.
5:35 of 1st period - Shot Misses the Net.
5:37 of 1st period - Snap shot by Brent Burns.
5:37 of 1st period - Shot Misses the Net.
6:11 of 1st period - Snap shot by Max Pacioretty.
6:11 of 1st period - Stopped by Ilya Sorokin with a rebound.
6:13 of 1st period - Slapshot by Ryan Ellis.
6:13 of 1st period - Shot Blocked by Mikhail Sergachev.
6:15 of 1st period - Snap shot by Garnet Hathaway.
6:15 of 1st period - Shot Misses the Net.
6:17 of 1st period - Slapshot by Garnet Hathaway.
6:17 of 1st period - Shot Misses the Net.
7:26 of 1st period - Minor Penalty to Timo Meier for Roughing.
7:27 of 1st period - Steven Stamkos wins face-off versus Sebastian Aho in Calgary Flames zone.
7:32 of 1st period - Snap shot by Steven Stamkos.
7:32 of 1st period - Goal by Steven Stamkos - Calgary Flames : 0 - Chicago Black Hawks : 1.
7:33 of 1st period - Bo Horvat wins face-off versus Sebastian Aho in neutral zone.
7:40 of 1st period - Snap shot by Matthew Tkachuk.
7:40 of 1st period - Stopped by Thatcher Demko with a rebound.
7:42 of 1st period - Backhand shot by Matthew Tkachuk.
7:42 of 1st period - Shot Misses the Net.
8:00 of 1st period - Chris Kreider is hit by Timo Meier and loses puck.
8:23 of 1st period - Wrist shot by Vladimir Tarasenko.
8:23 of 1st period - Shot Misses the Net.
8:25 of 1st period - Minor Penalty to Kevin Fiala for Roughing.
8:26 of 1st period - Sebastian Aho wins face-off versus Matt Duchene in Calgary Flames zone.
9:05 of 1st period - Wrist shot by Travis Konecny.
9:05 of 1st period - Shot Blocked by Logan Couture.
9:48 of 1st period - Snap shot by Travis Konecny.
9:48 of 1st period - Goal by Travis Konecny - Calgary Flames : 0 - Chicago Black Hawks : 2.
9:49 of 1st period - Steven Stamkos wins face-off versus Joel Eriksson Ek in neutral zone.
10:04 of 1st period - Minor Penalty to Matt Duchene for Tripping.
10:05 of 1st period - Sebastian Aho wins face-off versus Steven Stamkos in Chicago Black Hawks zone.
10:05 of 1st period - Wrist shot by Zach Hyman.
10:05 of 1st period - Stopped by Ilya Sorokin without a rebound.
10:06 of 1st period - Steven Stamkos wins face-off versus Zach Hyman in Chicago Black Hawks zone.
10:23 of 1st period - Wrist shot by Sebastian Aho.
10:23 of 1st period - Deflect By J.T. Miller.
10:23 of 1st period - Stopped by Ilya Sorokin without a rebound.
10:24 of 1st period - Logan Couture wins face-off versus Steven Stamkos in Chicago Black Hawks zone.
10:25 of 1st period - Wrist shot by Valeri Nichushkin.
10:25 of 1st period - Stopped by Ilya Sorokin with a rebound.
10:27 of 1st period - Wrist shot by Logan Couture.
10:27 of 1st period - Stopped by Ilya Sorokin with a rebound.
10:29 of 1st period - Wrist shot by Jeff Petry.
10:29 of 1st period - Stopped by Ilya Sorokin with a rebound.
10:31 of 1st period - Snap shot by Valeri Nichushkin.
10:31 of 1st period - Shot Misses the Net.
10:33 of 1st period - Slapshot by Ryan Ellis.
10:33 of 1st period - Goal by Ryan Ellis - Calgary Flames : 1 - Chicago Black Hawks : 2.
10:34 of 1st period - Sebastian Aho wins face-off versus Bo Horvat in neutral zone.
10:51 of 1st period - Snap shot by Zach Hyman.
10:51 of 1st period - Stopped by Ilya Sorokin without a rebound.
10:52 of 1st period - Steven Stamkos wins face-off versus Logan Couture in Chicago Black Hawks zone.
11:18 of 1st period - Bo Horvat is hit by Drew Doughty and loses puck.
11:44 of 1st period - Nicolas Hague is hit by Jeremy Lauzon and loses puck.
12:45 of 1st period - Nic Dowd is hit by Bo Horvat and loses puck.
12:52 of 1st period - Slapshot by Drew Doughty.
12:52 of 1st period - Shot Misses the Net.
13:24 of 1st period - Phillip Danault is hit by Valeri Nichushkin and loses puck.
13:33 of 1st period - Backhand shot by Timo Meier.
13:33 of 1st period - Shot Misses the Net.
14:24 of 1st period - Off-side.
14:25 of 1st period - Pius Suter wins face-off versus Joel Eriksson Ek in neutral zone.
14:28 of 1st period - Wrist shot by Nikolaj Ehlers.
14:28 of 1st period - Stopped by Thatcher Demko with a rebound.
14:30 of 1st period - Slapshot by Nicolas Hague.
14:30 of 1st period - Shot Blocked by Jeff Petry.
14:32 of 1st period - Wrist shot by Nicolas Hague.
14:32 of 1st period - Stopped by Thatcher Demko without a rebound.
14:33 of 1st period - Logan Couture wins face-off versus Bo Horvat in Calgary Flames zone.
15:11 of 1st period - Slapshot by Matt Duchene.
15:11 of 1st period - Shot Misses the Net.
15:33 of 1st period - Backhand shot by Kevin Fiala.
15:33 of 1st period - Stopped by Ilya Sorokin without a rebound.
15:34 of 1st period - Logan Couture wins face-off versus Matthew Tkachuk in Chicago Black Hawks zone.
15:39 of 1st period - Wrist shot by Timo Meier.
15:39 of 1st period - Stopped by Ilya Sorokin without a rebound.
15:40 of 1st period - Bo Horvat wins face-off versus Logan Couture in Chicago Black Hawks zone.
15:54 of 1st period - Minor Penalty to Logan Couture for Interference.
15:55 of 1st period - Sebastian Aho wins face-off versus Steven Stamkos in Calgary Flames zone.
16:11 of 1st period - Snap shot by J.T. Miller.
16:11 of 1st period - Shot Blocked by Steven Stamkos.
17:54 of 1st period - Penalty to Logan Couture is over, Logan Couture is back on ice.
18:05 of 1st period - Snap shot by Vladimir Tarasenko.
18:05 of 1st period - Stopped by Thatcher Demko with a rebound.
18:07 of 1st period - Wrist shot by Phillip Danault.
18:07 of 1st period - Shot Blocked by Ryan Ellis.
18:09 of 1st period - Snap shot by Bryan Rust.
18:09 of 1st period - Shot Blocked by Joel Eriksson Ek.
18:11 of 1st period - Wrist shot by Vladimir Tarasenko.
18:11 of 1st period - Shot Misses the Net.
18:13 of 1st period - Snap shot by Phillip Danault.
18:13 of 1st period - Shot Misses the Net.
18:15 of 1st period - Slapshot by Nicolas Hague.
18:15 of 1st period - Deflect By Bryan Rust.
18:15 of 1st period - Deflect By Joel Eriksson Ek.
18:15 of 1st period - Shot Blocked by Joel Eriksson Ek.
18:15 of 1st period - Puck is out of play.
18:16 of 1st period - Logan Couture wins face-off versus Pius Suter in Calgary Flames zone.
18:23 of 1st period - Snap shot by Nikolaj Ehlers.
18:23 of 1st period - Shot Misses the Net.
18:45 of 1st period - Phillip Danault is hit by Mathieu Joseph and loses puck.
19:30 of 1st period - Snap shot by Matthew Tkachuk.
19:30 of 1st period - Stopped by Thatcher Demko with a rebound.
19:32 of 1st period - Snap shot by Seth Jones.
19:32 of 1st period - Shot Misses the Net.
19:34 of 1st period - Slapshot by Brent Burns.
19:34 of 1st period - Stopped by Thatcher Demko with a rebound.
19:36 of 1st period - Snap shot by Bo Horvat.
19:36 of 1st period - Stopped by Thatcher Demko with a rebound.
Goals for this period are 1 for Calgary Flames vs 2 for Chicago Black Hawks.
Shots for this period are 13 for Calgary Flames vs 12 for Chicago Black Hawks.
2nd period
0:01 of 2nd period - Steven Stamkos wins face-off versus Sebastian Aho in neutral zone.
0:04 of 2nd period - Backhand shot by Matt Duchene.
0:04 of 2nd period - Shot Blocked by Zach Hyman.
0:51 of 2nd period - Snap shot by Bryan Rust.
0:51 of 2nd period - Stopped by Thatcher Demko without a rebound.
0:52 of 2nd period - Phillip Danault wins face-off versus Sebastian Aho in Calgary Flames zone.
1:01 of 2nd period - Slapshot by Sebastian Aho.
1:01 of 2nd period - Stopped by Ilya Sorokin with a rebound.
1:03 of 2nd period - Snap shot by J.T. Miller.
1:03 of 2nd period - Shot Misses the Net.
1:05 of 2nd period - Wrist shot by Sebastian Aho.
1:05 of 2nd period - Shot Misses the Net.
1:07 of 2nd period - Slapshot by Jeff Petry.
1:07 of 2nd period - Shot Misses the Net.
1:09 of 2nd period - Wrist shot by Sebastian Aho.
1:09 of 2nd period - Shot Misses the Net.
1:23 of 2nd period - Wrist shot by Logan Couture.
1:23 of 2nd period - Shot Misses the Net.
1:25 of 2nd period - Snap shot by Valeri Nichushkin.
1:25 of 2nd period - Shot Misses the Net.
1:27 of 2nd period - Snap shot by Valeri Nichushkin.
1:27 of 2nd period - Shot Blocked by Chris Kreider.
1:35 of 2nd period - Minor Penalty to Seth Jones for High sticking.
1:36 of 2nd period - Bo Horvat wins face-off versus Logan Couture in Chicago Black Hawks zone.
1:53 of 2nd period - Slapshot by Logan Couture.
1:53 of 2nd period - Shot Misses the Net.
2:03 of 2nd period - Ryan McDonagh is hit by Bo Horvat and loses puck.
2:12 of 2nd period - Wrist shot by Bo Horvat.
2:12 of 2nd period - Shot Misses the Net.
2:55 of 2nd period - Snap shot by Sebastian Aho.
2:55 of 2nd period - Shot Misses the Net.
2:57 of 2nd period - Slapshot by Sebastian Aho.
2:57 of 2nd period - Shot Misses the Net.
2:59 of 2nd period - Wrist shot by J.T. Miller.
2:59 of 2nd period - Shot Misses the Net.
3:01 of 2nd period - Snap shot by Sebastian Aho.
3:01 of 2nd period - Goal by Sebastian Aho - Calgary Flames : 2 - Chicago Black Hawks : 2.
3:02 of 2nd period - Logan Couture wins face-off versus Travis Konecny in neutral zone.
3:09 of 2nd period - Snap shot by Valeri Nichushkin.
3:09 of 2nd period - Stopped by Ilya Sorokin with a rebound.
3:51 of 2nd period - Minor Penalty to Vladimir Tarasenko for High sticking.
3:52 of 2nd period - Bo Horvat wins face-off versus Logan Couture in Chicago Black Hawks zone.
3:58 of 2nd period - Icing by Jeff Petry.
3:59 of 2nd period - Logan Couture wins face-off versus Bo Horvat in Calgary Flames zone.
4:10 of 2nd period - Snap shot by Logan Couture.
4:10 of 2nd period - Deflect By Timo Meier.
4:10 of 2nd period - Shot Misses the Net.
4:10 of 2nd period - Puck is out of play.
4:11 of 2nd period - Bo Horvat wins face-off versus Logan Couture in Chicago Black Hawks zone.
5:51 of 2nd period - Penalty to Vladimir Tarasenko is over, Vladimir Tarasenko is back on ice.
6:21 of 2nd period - Snap shot by Nic Dowd.
6:21 of 2nd period - Shot Misses the Net.
6:23 of 2nd period - Snap shot by Max Pacioretty.
6:23 of 2nd period - Shot Misses the Net.
6:25 of 2nd period - Slapshot by Jeremy Lauzon.
6:25 of 2nd period - Shot Blocked by Nikolaj Ehlers.
6:27 of 2nd period - Snap shot by Garnet Hathaway.
6:27 of 2nd period - Stopped by Ilya Sorokin with a rebound.
6:45 of 2nd period - Snap shot by Bryan Rust.
6:45 of 2nd period - Shot Blocked by Sebastian Aho.
7:26 of 2nd period - Wrist shot by Bryan Rust.
7:26 of 2nd period - Stopped by Thatcher Demko with a rebound.
8:18 of 2nd period - Ryan Ellis is hit by Devon Toews and loses puck.
8:32 of 2nd period - Off-side.
8:33 of 2nd period - Phillip Danault wins face-off versus Sebastian Aho in neutral zone.
8:58 of 2nd period - Wrist shot by Timo Meier.
8:58 of 2nd period - Shot Blocked by Rasmus Andersson.
9:06 of 2nd period - Wrist shot by Timo Meier.
9:06 of 2nd period - Shot Blocked by Chris Kreider.
9:46 of 2nd period - Wrist shot by Zach Hyman.
9:46 of 2nd period - Stopped by Ilya Sorokin with a rebound.
10:11 of 2nd period - Snap shot by Phillip Danault.
10:11 of 2nd period - Stopped by Thatcher Demko without a rebound.
10:12 of 2nd period - Steven Stamkos wins face-off versus Logan Couture in Calgary Flames zone.
10:43 of 2nd period - Wrist shot by Matthew Tkachuk.
10:43 of 2nd period - Deflect By Travis Konecny.
10:43 of 2nd period - Shot Misses the Net.
10:43 of 2nd period - Puck is out of play.
10:44 of 2nd period - Sebastian Aho wins face-off versus Bo Horvat in Calgary Flames zone.
10:53 of 2nd period - Wrist shot by Sebastian Aho.
10:53 of 2nd period - Shot Misses the Net.
10:55 of 2nd period - Slapshot by Jeff Petry.
10:55 of 2nd period - Deflect By J.T. Miller.
10:55 of 2nd period - Shot Misses the Net.
10:55 of 2nd period - Puck is out of play.
10:56 of 2nd period - Steven Stamkos wins face-off versus Sebastian Aho in Chicago Black Hawks zone.
10:56 of 2nd period - Steven Stamkos is hit by Ryan McDonagh.
11:04 of 2nd period - Wrist shot by Steven Stamkos.
11:04 of 2nd period - Stopped by Thatcher Demko with a rebound.
11:33 of 2nd period - Snap shot by Bo Horvat.
11:33 of 2nd period - Stopped by Thatcher Demko with a rebound.
12:36 of 2nd period - Wrist shot by J.T. Miller.
12:36 of 2nd period - Stopped by Ilya Sorokin with a rebound.
12:58 of 2nd period - Snap shot by Valeri Nichushkin.
12:58 of 2nd period - Stopped by Ilya Sorokin with a rebound.
13:10 of 2nd period - Garnet Hathaway is hit by Vladimir Tarasenko and loses puck.
13:33 of 2nd period - Wrist shot by Steven Stamkos.
13:33 of 2nd period - Shot Misses the Net.
13:35 of 2nd period - Snap shot by Matt Duchene.
13:35 of 2nd period - Deflect By Chris Kreider.
13:35 of 2nd period - Shot Blocked by J.T. Miller.
13:35 of 2nd period - Puck is out of play.
13:36 of 2nd period - Sebastian Aho wins face-off versus Steven Stamkos in Calgary Flames zone.
13:36 of 2nd period - Sebastian Aho is hit by Chris Kreider.
14:02 of 2nd period - Jeremy Lauzon is hit by Steven Stamkos and loses puck.
14:28 of 2nd period - Snap shot by Bo Horvat.
14:28 of 2nd period - Deflect By Matthew Tkachuk.
14:28 of 2nd period - Stopped by Thatcher Demko without a rebound.
14:29 of 2nd period - Sebastian Aho wins face-off versus Bo Horvat in Calgary Flames zone.
14:44 of 2nd period - Wrist shot by Zach Hyman.
14:44 of 2nd period - Shot Blocked by Rasmus Andersson.
15:16 of 2nd period - Slapshot by Kevin Fiala.
15:16 of 2nd period - Shot Misses the Net.
15:36 of 2nd period - Snap shot by J.T. Miller.
15:36 of 2nd period - Shot Misses the Net.
15:44 of 2nd period - Slapshot by Lawson Crouse.
15:44 of 2nd period - Deflect By Nikolaj Ehlers.
15:44 of 2nd period - Shot Hit the Post.
15:44 of 2nd period - Puck is out of play.
15:45 of 2nd period - Logan Couture wins face-off versus Steven Stamkos in Calgary Flames zone.
15:52 of 2nd period - Slapshot by Ryan McDonagh.
15:52 of 2nd period - Stopped by Ilya Sorokin with a rebound.
16:02 of 2nd period - Snap shot by Matt Duchene.
16:02 of 2nd period - Shot Blocked by Drew Doughty.
16:12 of 2nd period - Matthew Tkachuk is hit by Sebastian Aho and loses puck.
16:19 of 2nd period - Snap shot by J.T. Miller.
16:19 of 2nd period - Stopped by Ilya Sorokin with a rebound.
16:57 of 2nd period - Slapshot by Ryan Ellis.
16:57 of 2nd period - Shot Misses the Net.
16:59 of 2nd period - Slapshot by Jeff Petry.
16:59 of 2nd period - Deflect By Max Pacioretty.
16:59 of 2nd period - Shot Blocked by Nikolaj Ehlers.
16:59 of 2nd period - Puck is out of play.
17:00 of 2nd period - Steven Stamkos wins face-off versus Nic Dowd in Chicago Black Hawks zone.
17:00 of 2nd period - Steven Stamkos is hit by Nic Dowd.
17:05 of 2nd period - Off-side.
17:06 of 2nd period - Sebastian Aho wins face-off versus Steven Stamkos in neutral zone.
17:46 of 2nd period - Minor Penalty to Matt Duchene for Slashing.
17:47 of 2nd period - Logan Couture wins face-off versus Bryan Rust in Chicago Black Hawks zone.
17:53 of 2nd period - Slapshot by Bryan Rust.
17:53 of 2nd period - Shot Blocked by Jeff Petry.
18:03 of 2nd period - Wrist shot by Timo Meier.
18:03 of 2nd period - Shot Misses the Net.
18:13 of 2nd period - Jeff Petry is hit by Steven Stamkos and loses puck.
18:54 of 2nd period - J.T. Miller is hit by Lawson Crouse and loses puck.
19:33 of 2nd period - J.T. Miller is hit by Devon Toews and loses puck.
19:46 of 2nd period - Penalty to Matt Duchene is over, Matt Duchene is back on ice.
19:52 of 2nd period - Snap shot by Matt Duchene.
19:52 of 2nd period - Shot Blocked by Ryan McDonagh.
Goals for this period are 1 for Calgary Flames vs 0 for Chicago Black Hawks.
Shots for this period are 9 for Calgary Flames vs 6 for Chicago Black Hawks.
3rd period
0:01 of 3rd period - Sebastian Aho wins face-off versus Bo Horvat in neutral zone.
0:09 of 3rd period - Off-side.
0:10 of 3rd period - Sebastian Aho wins face-off versus Matthew Tkachuk in neutral zone.
0:13 of 3rd period - Slapshot by J.T. Miller.
0:13 of 3rd period - Shot Misses the Net.
0:16 of 3rd period - Icing by Mikhail Sergachev.
0:17 of 3rd period - Bo Horvat wins face-off versus Logan Couture in Chicago Black Hawks zone.
0:17 of 3rd period - Devon Toews is hit by Logan Couture and loses puck.
0:29 of 3rd period - Off-side.
0:30 of 3rd period - Sebastian Aho wins face-off versus Matt Duchene in neutral zone.
0:33 of 3rd period - Steven Stamkos is hit by Ryan McDonagh and loses puck.
0:44 of 3rd period - Wrist shot by Chris Kreider.
0:44 of 3rd period - Shot Blocked by Drew Doughty.
1:13 of 3rd period - Phillip Danault is hit by Jeff Petry.
1:30 of 3rd period - Minor Penalty to Travis Konecny for Slashing.
1:31 of 3rd period - Logan Couture wins face-off versus Steven Stamkos in Chicago Black Hawks zone.
1:31 of 3rd period - Snap shot by Timo Meier.
1:31 of 3rd period - Stopped by Ilya Sorokin with a rebound.
1:33 of 3rd period - Slapshot by Jeff Petry.
1:33 of 3rd period - Stopped by Ilya Sorokin with a rebound.
1:35 of 3rd period - Snap shot by Logan Couture.
1:35 of 3rd period - Shot Blocked by Chris Kreider.
1:47 of 3rd period - Snap shot by Timo Meier.
1:47 of 3rd period - Stopped by Ilya Sorokin without a rebound.
1:48 of 3rd period - Logan Couture wins face-off versus Matt Duchene in Chicago Black Hawks zone.
2:56 of 3rd period - Mikhail Sergachev is hit by Ryan Ellis and loses puck.
3:30 of 3rd period - Penalty to Travis Konecny is over, Travis Konecny is back on ice.
3:59 of 3rd period - Wrist shot by Nic Dowd.
3:59 of 3rd period - Shot Misses the Net.
4:01 of 3rd period - Snap shot by Max Pacioretty.
4:01 of 3rd period - Shot Blocked by Nicolas Hague.
4:03 of 3rd period - Backhand shot by Nic Dowd.
4:03 of 3rd period - Deflect By Garnet Hathaway.
4:03 of 3rd period - Shot Misses the Net.
4:03 of 3rd period - Puck is out of play.
4:04 of 3rd period - Nic Dowd wins face-off versus Bo Horvat in Chicago Black Hawks zone.
4:19 of 3rd period - Bo Horvat is hit by Garnet Hathaway and loses puck.
4:30 of 3rd period - Jeff Petry is hit by Mikhail Sergachev and loses puck.
4:57 of 3rd period - Slapshot by Mikhail Sergachev.
4:57 of 3rd period - Shot Misses the Net.
4:59 of 3rd period - Wrist shot by Bo Horvat.
4:59 of 3rd period - Stopped by Thatcher Demko with a rebound.
5:01 of 3rd period - Snap shot by Matthew Tkachuk.
5:01 of 3rd period - Shot Misses the Net.
5:25 of 3rd period - Snap shot by Matthew Tkachuk.
5:25 of 3rd period - Shot Blocked by Jeff Petry.
5:46 of 3rd period - Slapshot by Ryan Ellis.
5:46 of 3rd period - Stopped by Ilya Sorokin with a rebound.
6:00 of 3rd period - Slapshot by Bo Horvat.
6:00 of 3rd period - Shot Misses the Net.
6:23 of 3rd period - Off-side.
6:24 of 3rd period - Steven Stamkos wins face-off versus Logan Couture in neutral zone.
6:28 of 3rd period - Brent Burns is hit by Drew Doughty.
7:14 of 3rd period - Mathieu Joseph is hit by Pius Suter and loses puck.
7:39 of 3rd period - Slapshot by Steven Stamkos.
7:39 of 3rd period - Shot Misses the Net.
7:55 of 3rd period - Snap shot by Nikolaj Ehlers.
7:55 of 3rd period - Stopped by Thatcher Demko with a rebound.
8:09 of 3rd period - Vladimir Tarasenko is hit by Drew Doughty and loses puck.
8:24 of 3rd period - Slapshot by Kevin Fiala.
8:24 of 3rd period - Shot Misses the Net.
9:11 of 3rd period - Nicolas Hague is hit by Zach Hyman and loses puck.
9:38 of 3rd period - Mathieu Joseph is hit by Nikolaj Ehlers and loses puck.
9:49 of 3rd period - Snap shot by Joel Eriksson Ek.
9:49 of 3rd period - Stopped by Ilya Sorokin with a rebound.
9:51 of 3rd period - Snap shot by Sebastian Aho.
9:51 of 3rd period - Stopped by Ilya Sorokin with a rebound.
10:01 of 3rd period - Drew Doughty is hit by Matt Duchene and loses puck.
10:22 of 3rd period - Matt Duchene is hit by Sebastian Aho and loses puck.
12:16 of 3rd period - Devon Toews is hit by Kevin Fiala and loses puck.
12:27 of 3rd period - Slapshot by Nikolaj Ehlers.
12:27 of 3rd period - Shot Blocked by Jeremy Lauzon.
12:29 of 3rd period - Slapshot by Devon Toews.
12:29 of 3rd period - Stopped by Thatcher Demko without a rebound.
12:30 of 3rd period - Pius Suter wins face-off versus Sebastian Aho in Calgary Flames zone.
12:39 of 3rd period - Snap shot by Lawson Crouse.
12:39 of 3rd period - Stopped by Thatcher Demko without a rebound.
12:40 of 3rd period - Bo Horvat wins face-off versus Logan Couture in Calgary Flames zone.
13:52 of 3rd period - Snap shot by Travis Konecny.
13:52 of 3rd period - Deflect By Bo Horvat.
13:52 of 3rd period - Shot Misses the Net.
13:52 of 3rd period - Puck is out of play.
13:53 of 3rd period - Logan Couture wins face-off versus Bo Horvat in Calgary Flames zone.
15:24 of 3rd period - Phillip Danault is hit by Joel Eriksson Ek and loses puck.
15:37 of 3rd period - Wrist shot by Nikolaj Ehlers.
15:37 of 3rd period - Stopped by Thatcher Demko without a rebound.
15:38 of 3rd period - Pius Suter wins face-off versus Logan Couture in Calgary Flames zone.
15:49 of 3rd period - Wrist shot by Lawson Crouse.
15:49 of 3rd period - Stopped by Thatcher Demko without a rebound.
15:50 of 3rd period - Phillip Danault wins face-off versus Joel Eriksson Ek in Calgary Flames zone.
16:02 of 3rd period - Minor Penalty to Kevin Fiala for Roughing.
16:03 of 3rd period - Sebastian Aho wins face-off versus Steven Stamkos in Calgary Flames zone.
16:29 of 3rd period - Travis Konecny is hit by Jeff Petry and loses puck.
16:50 of 3rd period - Devon Toews is hit by Zach Hyman and loses puck.
17:27 of 3rd period - Snap shot by Bo Horvat.
17:27 of 3rd period - Shot Blocked by Ryan McDonagh.
17:29 of 3rd period - Slapshot by Devon Toews.
17:29 of 3rd period - Stopped by Thatcher Demko without a rebound.
17:30 of 3rd period - Steven Stamkos wins face-off versus Logan Couture in Calgary Flames zone.
17:33 of 3rd period - Slapshot by Chris Kreider.
17:33 of 3rd period - Goal by Chris Kreider - Calgary Flames : 2 - Chicago Black Hawks : 3.
17:34 of 3rd period - Joel Eriksson Ek wins face-off versus Bryan Rust in neutral zone.
18:34 of 3rd period - Max Pacioretty is hit by Rasmus Andersson and loses puck.
18:42 of 3rd period - Icing by Jeff Petry.
18:43 of 3rd period - Nic Dowd wins face-off versus Bo Horvat in Calgary Flames zone.
18:48 of 3rd period - Calgary Flames, Thatcher Demko is pulled from the net.
19:05 of 3rd period - Icing by Mikhail Sergachev.
19:06 of 3rd period - Sebastian Aho wins face-off versus Steven Stamkos in Chicago Black Hawks zone.
19:09 of 3rd period - Snap shot by Zach Hyman.
19:09 of 3rd period - Deflect By Chris Kreider.
19:09 of 3rd period - Shot Blocked by Mikhail Sergachev.
19:09 of 3rd period - Puck is out of play.
19:10 of 3rd period - Bruce Boudreau call a timeout for Calgary Flames.
19:10 of 3rd period - Steven Stamkos wins face-off versus Sebastian Aho in Chicago Black Hawks zone.
19:19 of 3rd period - Wrist shot by Seth Jones.
19:19 of 3rd period - Deflect By Zach Hyman.
19:19 of 3rd period - Goal by Seth Jones - Calgary Flames : 2 - Chicago Black Hawks : 4.
19:19 of 3rd period - Thatcher Demko from Calgary Flames was sent back in the game.
19:20 of 3rd period - Joel Eriksson Ek wins face-off versus Phillip Danault in neutral zone.
19:25 of 3rd period - Snap shot by Joel Eriksson Ek.
19:25 of 3rd period - Stopped by Ilya Sorokin without a rebound.
19:26 of 3rd period - Phillip Danault wins face-off versus Joel Eriksson Ek in Chicago Black Hawks zone.
19:47 of 3rd period - Minor Penalty to Vladimir Tarasenko for Slashing.
19:48 of 3rd period - Steven Stamkos wins face-off versus Logan Couture in Chicago Black Hawks zone.
19:53 of 3rd period - Slapshot by Timo Meier.
19:53 of 3rd period - Stopped by Ilya Sorokin without a rebound.
19:54 of 3rd period - Steven Stamkos wins face-off versus Logan Couture in Chicago Black Hawks zone.
Goals for this period are 0 for Calgary Flames vs 2 for Chicago Black Hawks.
Shots for this period are 8 for Calgary Flames vs 9 for Chicago Black Hawks.
Back to the Top